 Dungeon Crawl Stone Soup version 0.29-a0-330-g52719c12eb (webtiles) character file.

Game seed: 9545536953271114747

46 Crownlay the Thaumaturge (level 3, -1/28 HPs)
             Began as a Gnoll Wanderer on May 23, 2022.
             Slain by a goblin
             ... wielding a +0 club
             ... led by Robin
              (2 damage)
             ... on level 1 of the Dungeon.
             The game lasted 00:01:54 (1911 turns).

Crownlay the Thaumaturge (Gnoll Wanderer)           Turns: 1911, Time: 00:01:54

Health: -1/28      AC:  2    Str: 10    XL:     3   Next: 66%
Magic:  13/13      EV: 12    Int: 13    God:
Gold:   100        SH:  0    Dex: 12    Spells: 17/20 levels left

rFire   . . .      SeeInvis .   a - +0 hand axe
rCold   . . .      Faith    .   (no shield)
rNeg    . . .      Spirit   .   d - +0 robe
rPois   .          Reflect  .   (no helmet)
rElec   .          Harm     .   (no cloak)
rCorr   .          Rampage  .   (no gloves)
Will    .....                   (no boots)
Stlth   +.........              (no amulet)
HPRegen 0.09/turn               (no ring)
MPRegen 0.13/turn               (no ring)

@: no status effects
A: fangs 1, strong nose, distributed training
a: no special abilities


You were on level 1 of the Dungeon.
You visited 1 branch of the dungeon, and saw 2 of its levels.

You collected 100 gold pieces.

Inventory:

Hand Weapons
 a - a +0 hand axe (weapon)
Armour
 d - a +0 robe (worn)
Scrolls
 c - a scroll of summoning
 f - a scroll of blinking
 h - a scroll of identify {unknown}
 j - a scroll of fear {unknown}
Potions
 e - a potion of berserk rage {unknown}
 g - a potion of mutation {unknown}
 i - a potion of haste {unknown}
Miscellaneous
 b - a piece from Xom's chessboard (15/15)


   Skills:
 + Level 2.6 Fighting
 + Level 0.9 Short Blades
 + Level 0.9 Long Blades
 + Level 4.5 Axes
 + Level 0.9 Maces & Flails
 + Level 0.9 Polearms
 + Level 0.9 Staves
 + Level 0.9 Slings
 + Level 0.9 Bows
 + Level 0.9 Crossbows
 + Level 0.9 Throwing
 + Level 0.9 Armour
 + Level 2.6 Dodging
 + Level 0.9 Stealth
 + Level 0.9 Shields
 + Level 0.9 Unarmed Combat
 + Level 9.3 Spellcasting
 + Level 0.6 Conjurations
 + Level 0.6 Hexes
 + Level 0.6 Summonings
 + Level 0.6 Necromancy
 + Level 0.6 Translocations
 + Level 0.6 Transmutations
 + Level 0.6 Fire Magic
 + Level 0.6 Ice Magic
 + Level 0.6 Air Magic
 + Level 0.6 Earth Magic
 + Level 0.6 Poison Magic
 + Level 1.0 Invocations
 + Level 2.6 Evocations


You had 17 spell levels left.
You knew the following spells:

 Your Spells              Type           Power      Damage    Failure   Level
a - Animate Skeleton      Necr           14%        N/A       10%         1
b - Scorch                Fire           14%        2d6       14%         2

Your spell library contained the following spells:

 Spells                   Type           Power      Damage    Failure   Level
 Gell's Gravitas          Tloc           7%         N/A       28%         3
 Ignite Poison            Fire/Tmut/Pois 7%         N/A       28%         3
 Fireball                 Conj/Fire      3%         3d4       95%         5
 Starburst                Conj/Fire      3%         6d3       100%        6
 Ignition                 Fire           3%         3d4       100%        8


Dungeon Overview and Level Annotations

Branches:
Dungeon (2/15)

Altars:

Annotations:
D:2 Robin


Innate Abilities, Weirdness & Mutations

You have very sharp teeth.
Your uncanny sense of smell can sniff out nearby items.
Your experience applies equally to all skills.


Message History

The goblin hits you but does no damage. The hobgoblin hits you.
The goblin closely misses you. The hobgoblin misses you.
There is a stone staircase leading up, spattered with blood here.
You barely miss the goblin. x2
The goblin shouts!
You hit the hobgoblin. The goblin hits you with a +0 dagger.
The goblin closely misses you. The hobgoblin hits you.
You closely miss the hobgoblin.
You bite the hobgoblin, but do no damage.
The hobgoblin is moderately wounded.
You hit the goblin.
You kill the goblin!
You hit the goblin. The hobgoblin barely misses you.
The goblin closely misses you.
You barely miss the goblin.
The goblin is severely wounded.
You hit the hobgoblin but do no damage. The hobgoblin hits you.
The goblin hits you with a +0 club.
You climb upwards.
There is a stone staircase leading down, spattered with blood here.
You closely miss the goblin.
The goblin is severely wounded.
You hit the hobgoblin but do no damage. The goblin hits you with a +0 club.
The hobgoblin hits you.
* * * LOW HITPOINT WARNING * * *
You are too injured to fight recklessly!
You are too injured to fight recklessly!
You are too injured to fight recklessly!
You closely miss the goblin.
The goblin is severely wounded.
You hit the hobgoblin but do no damage. The goblin barely misses you.
The hobgoblin misses you.
You completely miss the goblin.
The goblin is severely wounded.
You closely miss the hobgoblin. The goblin hits you with a +0 club.
* * * LOW HITPOINT WARNING * * *
The hobgoblin hits you.
* * * LOW HITPOINT WARNING * * *
The goblin hits you with a +0 club.
You die...

##### ###...# #######
############.#...# #....#.
#................######).....
#...........@.........'......
#...........g#......###......
#####..........g>รท........#....##
....#..........).##....##(.##....
###.#............##....###.###..#
..#.###'###......''....# #..##...
#.#..........#...##...## ##...#.#
#....[.......#...##...# #...#.#
#.....#####..#...##...# #...#.#


You could see a hobgoblin and a goblin.

Vanquished Creatures
  3 endoplasms (D:1)
  A giant cockroach (D:1)
  10 goblins
  5 hobgoblins (D:1)
  4 jackals (D:1)
  3 kobolds (D:1)
  2 quokkas (D:1)
  A ball python (D:1)
  2 bats (D:1)
  4 frilled lizards (D:1)
  2 rats
37 creatures vanquished.

Vanquished Creatures (collateral kills)
  A bat (D:1)
1 creature vanquished.

Vanquished Creatures (others)
  9 plants (D:1)
9 creatures vanquished.

Grand Total: 47 creatures vanquished

Notes
Turn   | Place    | Note
-------+----------+-------------------------------------------
     0 | D:1      | Reached skill level 9 in Spellcasting
     0 | D:1      | Crownlay the Gnoll Wanderer began the quest for the Orb.
     0 | D:1      | Crownlay set off with the following items: a +0 hand axe, a
                  | piece from Xom's chessboard (15/15), a scroll of summoning,
                  | a +0 robe; and the following spell memorised: Animate
                  | Skeleton; and the following spells available to memorise:
                  | Scorch, Gell's Gravitas, Ignite Poison
     0 | D:1      | Reached XP level 1. HP: 17/17 MP: 10/10
   242 | D:1      | Reached XP level 2. HP: 23/23 MP: 12/12
   663 | D:1      | Learned a level 2 spell: Scorch
   812 | D:1      | Reached XP level 3. HP: 11/28 MP: 13/13
  1360 | D:2      | Noticed Robin
  1366 | D:2      | Reached skill level 1 in Invocations
  1909 | D:1      | HP: 1/28 [hobgoblin[Robin] (3)]
  1911 | D:1      | Slain by a goblin

Illustrated notes

Levels and vault maps discovered:
D:1:      amcnicky_arrival_double_pillar, layout_basic, chequers_arboretum,
          serial_bayou_lagoon_a, minmay_tetromino_o2
D:2:      layout_loops_ring, serial_shops, nicolae_diamond_shop, uniq_sigmund,
          uniq_robin

Skill      XL: |  1  2  3 |
---------------+----------+-----
Spellcasting   | |  9.3
Invocations    | 1 |  1.0
Fighting       | |  2.6
Short Blades   | |  0.9
Long Blades    | |  0.9
Axes           | |  4.5
Maces & Flails | |  0.9
Polearms       | |  0.9
Staves         | |  0.9
Slings         | |  0.9
Bows           | |  0.9
Crossbows      | |  0.9
Throwing       | |  0.9
Armour         | |  0.9
Dodging        | |  2.6
Stealth        | |  0.9
Shields        | |  0.9
Unarmed Combat | |  0.9
Conjurations   | |  0.6
Hexes          | |  0.6
Summonings     | |  0.6
Necromancy     | |  0.6
Translocations | |  0.6
Transmutations | |  0.6
Fire Magic     | |  0.6
Ice Magic      | |  0.6
Air Magic      | |  0.6
Earth Magic    | |  0.6
Poison Magic   | |  0.6
Evocations     | |  2.6

Action                   || total
-------------------------++-------
Melee: Hand axe          ||   102
       Bite              ||     9
       Punch             ||     1
 Cast: Animate Skeleton  ||     3
  Use: Scroll            ||     2
 Stab: Sleeping          ||     2
Armor: Robe              ||    30
Dodge: Dodged            ||    85

Table legend: (Time is in decaauts)
 A = Elapsed time spent in this place.
 B = Non-inter-level travel time spent in this place.
 C = Inter-level travel time spent in this place.
 D = Time resting spent in this place.
 E = Time spent auto-exploring this place.
 F = Levels seen in this place.
 G = Mean time per level.
                   A        B        C        D        E       F      G
               +--------+--------+--------+--------+--------+-----+--------+
         Total |   1929 |   1925 |      4 |      0 |   1685 |   2 |  964.5 |
       Dungeon |   1929 |   1925 |      4 |      0 |   1685 |   2 |  964.5 |
               +--------+--------+--------+--------+--------+-----+--------+

Top non-repeatable levels by time:
     D:1: 1868 daAuts
     D:2: 61 daAuts
